 Dungeon Crawl Stone Soup version 0.30-a0-989-g0d87f670db (webtiles) character file.

Game seed: 4490108057422823207

54 Pimp the Covered (level 3, -3/30 HPs)
             Began as a Barachi Fighter on Apr 3, 2023.
             Slain by Grinder (8 damage)
             ... on level 3 of the Dungeon.
             The game lasted 00:03:01 (1982 turns).

Pimp the Covered (Barachi Fighter)                  Turns: 1982, Time: 00:03:01

Health: -3/30      AC:  8    Str: 17    XL:     3   Next: 91%
Magic:  3/3        EV:  9    Int: 10    God:
Gold:   64         SH:  4    Dex: 11    Spells: 3/3 levels left

rFire   . . .      SeeInvis .    a - +0 war axe
rCold   . . .      Faith    .    c - +0 buckler
rNeg    . . .      Spirit   .    b - +0 scale mail
rPois   .          Reflect  .    f - +0 helmet
rElec   .          Rampage  .    (no cloak)
rCorr   .                        (no gloves)
Will    .....                    (no boots) Stlth
                                 (no amulet)
HPRegen 0.25/turn                (no ring)
MPRegen 0.08/turn                (no ring)

@: mighty, slow
A: amphibious, slowness 1, strong legs 1, +LOS
a: Hop


You were on level 3 of the Dungeon.
You visited 1 branch of the dungeon, and saw 3 of its levels.

You collected 64 gold pieces.

Inventory:

Hand Weapons
 a - a +0 war axe (weapon)
Armour
 b - a +0 scale mail (worn)
 c - a +0 buckler (worn)
 f - a +0 helmet (worn)
Jewellery
 g - a ring of poison resistance
 j - a ring of positive energy
 m - a ring of positive energy
Scrolls
 i - a scroll of blinking
 l - a scroll of identify
 q - a scroll of fear {unknown}
 r - a scroll of vulnerability {unknown}
 s - a scroll of magic mapping {unknown}
Potions
 d - a potion of might
 e - a potion of curing
 h - a potion of flight {unknown}
 k - a potion of heal wounds {unknown}
 n - a potion of brilliance
 p - a potion of degeneration {unknown}
 t - a potion of mutation {unknown}


   Skills:
 + Level 4.1 Fighting
 + Level 2.8 Axes
 + Level 4.2 Armour
 + Level 0.4 Dodging
 + Level 3.8 Shields
 + Level 0.5 Spellcasting


You had 3 spell levels left.
You didn't know any spells.
Your spell library contained the following spells:

 Spells                   Type           Power      Damage    Failure   Level
 Apportation              Tloc           0%         N/A       83%         1
 Necrotise                Necr           0%         1d4       83%         1
 Summon Small Mammal      Summ           0%         N/A       83%         1
 Sublimation of Blood     Necr           0%         N/A       93%         2
 Wereblood                Tmut           0%         N/A       93%         2
 Summon Hydra             Summ           0%         N/A       100%        7


Dungeon Overview and Level Annotations

Branches:
Dungeon (3/15)

Altars:
Xom

Annotations:
D:3 Grinder


Innate Abilities, Weirdness & Mutations

You are amphibious.
You cover ground slowly.
You can hop short distances.
You have an extended range of vision and can be seen from far away.


Message History

You feel very mighty all of a sudden.
Grinder blinks!
It was a potion of curing.
You feel better.
As you read the scroll labelled YRHETH GULAO, it crumbles to dust.
It is a scroll of identify.
n - a potion of brilliance
As you read the scroll labelled CYSOES ZOUNAE, it crumbles to dust.
Wisps of shadow whirl around you...
It was a scroll of summoning.
You slash Grinder!
Grinder is moderately wounded.
You block Grinder's attack.
Your goblin hits Grinder with a +0 dagger.
You barely miss Grinder.
Grinder is moderately wounded.
Grinder hits you but does no damage.
Your goblin hits Grinder with a +0 dagger.
Grinder hits you!
You writhe in agony.
* * * LOW HITPOINT WARNING * * *
You barely miss Grinder.
Grinder is heavily wounded.
Your adder bites Grinder.
Your orc barely misses Grinder.
Your goblin barely misses Grinder.
Grinder blinks!
You swap places.
Grinder says, "I used to sell toenails on the black market."
You swap places.
You swap places.
You swap places.
Grinder hits your orc.
Your orc writhes in agony.
Your orc dies!
Your orc's corpse dissolves into shadows!
Your goblin unwields a +0 dagger.
Your goblin wields a +0 sling.
Your goblin shoots a sling bullet.
The sling bullet closely misses Grinder.
Grinder gestures at you. Pain shoots through your body!
* * * LOW HITPOINT WARNING * * *
You barely miss Grinder.
Grinder is heavily wounded.
Grinder hits you!
You die...

#.# #...#
##.####.##
###.#
..........#
#.#
###...###.#
#.# #.#. #.#
#.# # #.
##.## #.#
#.##...##
#.#
###5#S(...##
#.#
#..$@g.....#
#.#
#.#.#.....##
#.#
#.##...##
#.# .. ##.##
####.# .##
### #....#
#. #.#### #
#.# #.# #.#


You could see Grinder (ally target), a friendly adder (summoned) and a friendly
goblin (summoned).

Vanquished Creatures
  An adder (D:2)
  5 ball pythons
  3 bats
  4 endoplasms
  2 giant cockroaches
  6 goblins
  5 hobgoblins
  4 quokkas
  6 frilled lizards
  2 kobolds
  2 rats (D:1)
40 creatures vanquished.

Notes
Turn   | Place    | Note
-------+----------+-------------------------------------------
     0 | D:1      | Pimp the Barachi Fighter began the quest for the Orb.
     0 | D:1      | Reached XP level 1. HP: 18/18 MP: 1/1
   123 | D:1      | Reached XP level 2. HP: 25/25 MP: 2/2
   601 | D:1      | Reached XP level 3. HP: 30/30 MP: 3/3
   862 | D:1      | Found a shimmering altar of Xom.
   926 | D:2      | Found a faded altar of an unknown god.
  1378 | D:2      | You fall into a shaft and drop 1 floor!
  1961 | D:3      | Noticed Grinder
  1982 | D:3      | Slain by Grinder

Illustrated notes

Levels and vault maps discovered:
D:1:      dpeg_arrival_lava_altar, layout_basic
D:2:      layout_loops_corners, basic_ecumenical_altar,
          minmay_misc_feat_secret_circle
D:3:      layout_loops_ring, lemuel_crystal_altar, uniq_grinder

Skill      XL: |  1  2 |
---------------+-------+-----
Armour         | 4 |  4.2
Fighting       | 4 |  4.1
Axes           | |  2.8
Dodging        | |  0.4
Shields        | |  3.8
Spellcasting   | |  0.5

Action                     || total
---------------------------++-------
  Melee: War axe           ||   106
    Use: Scroll            ||     3
         Potion            ||     2
 Armour: Scale mail        ||    63
  Dodge: Dodged            ||    39
  Block: Buckler           ||    30

Table legend: (Time is in decaauts)
 A = Elapsed time spent in this place.
 B = Non-inter-level travel time spent in this place.
 C = Inter-level travel time spent in this place.
 D = Time resting spent in this place.
 E = Time spent auto-exploring this place.
 F = Levels seen in this place.
 G = Mean time per level.
                   A        B        C        D        E       F      G
               +--------+--------+--------+--------+--------+-----+--------+
         Total |   2353 |   2211 |    142 |      0 |   1806 |   3 |  784.3 |
       Dungeon |   2353 |   2211 |    142 |      0 |   1806 |   3 |  784.3 |
               +--------+--------+--------+--------+--------+-----+--------+

Top non-repeatable levels by time:
     D:2: 1060 daAuts
     D:1: 1059 daAuts
     D:3: 233 daAuts
